 Dungeon Crawl Stone Soup version 0.21-a0-265-gb353147 (webtiles) character file.

8 sevincit the Caller (level 2, -1/17 HPs)
             Began as an Octopode Summoner on Sept 10, 2017.
             Killed from afar by a dart slug (5 damage)
             ... with a slug dart
             ... on level 1 of the Dungeon.
             The game lasted 00:02:02 (661 turns).

sevincit the Caller (Octopode Summoner)              Turns: 661, Time: 00:02:03

Health: -1/17      AC:  1    Str:  7    XL:     2   Next: 8%
Magic:  3/5        EV: 13    Int: 17    God:
Gold:   83         SH:  0    Dex: 12    Spells: 4/5 levels left

rFire    . . .     SeeInvis .   c - +0 short sword
rCold    . . .     Gourm    .   (no shield)
rNeg     . . .     Faith    .   (helmet restricted)
rPois    .         Spirit   .   (no amulet)
rElec    .         Reflect  .   (no ring)
rCorr    .         Harm     .   (no ring)
MR       .....                  (no ring)
Stlth    +++.......             (no ring)
HPRegen  0.05/turn              (no ring)
MPRegen  0.09/turn              (no ring)
                                (no ring)
                                (no ring)

@: very slightly contaminated
A: almost no armour, stealthy swim, amphibious, 8 rings, constrict 8, camouflage
1, gelatinous body 1
a: no special abilities


You were on level 1 of the Dungeon.
You were not hungry.

You visited 1 branch of the dungeon, and saw 1 of its levels.

You collected 83 gold pieces.

Inventory:

Hand Weapons
 c - a +0 short sword (weapon)
Missiles
 e - 40 stones (quivered)
Jewellery
 f - an uncursed ring of see invisible {unknown}
Scrolls
 h - a scroll of identify {unknown}
 j - a scroll of recharging {unknown}
Potions
 d - a potion of heal wounds {unknown}
 g - 2 potions of curing {unknown}
Books
 a - a book of Callings

   Spells                             Type                      Level
   a - Summon Small Mammal            Summoning                    1
   b - Call Imp                       Summoning                    2
   c - Call Canine Familiar           Summoning                    3
   d - Summon Guardian Golem          Hexes/Summoning              3
   e - Summon Lightning Spire         Summoning/Air                4
   f - Summon Ice Beast               Ice/Summoning                4
Comestibles
 b - a bread ration
 i - a meat ration


   Skills:
 - Level 2.0 Dodging
 + Level 3.0 Stealth
 + Level 2.1 Spellcasting
 * Level 4.2 Summonings


You had 4 spell levels left.
You knew the following spells:

 Your Spells              Type           Power        Failure   Level  Hunger
a - Summon Small Mammal   Summ           ###.         3%          1    #......


Dungeon Overview and Level Annotations

Branches:
Dungeon (1/15)

Altars:


Innate Abilities, Weirdness & Mutations

You cannot wear most types of armour.
You are very stealthy in the water. (Stealth+)
You are amphibious.
You can wear up to eight rings at the same time.
You can use your tentacles to constrict eight enemies at once.
Your skin changes colour to match your surroundings (Stealth+).
Your rubbery body absorbs attacks. (AC +1, EV +1)


Message History

Nothing appears to happen.
The kobold closely misses you.
Your quokka bites the kobold.
Unknown command.
Casting: Summon Small Mammal
Confirm with . or Enter, or press ? or * to list all spells.
The kobold hits you.
* * * LOW HITPOINT WARNING * * *
Your quokka bites the kobold but does no damage.
Your quokka closely misses the kobold.
You swap places.
Your bat closely misses the kobold. x2
The kobold hits your bat.
Your quokka bites the kobold.
The kobold dies!
The dart slug barely misses your quokka.
The dart slug barely misses your quokka.
The dart slug bites your quokka.
Your quokka bites the dart slug.
Your bat hits the dart slug. The dart slug launches a dart at you.
The slug dart hits you!
You die...

.................##
...............#..#
.......#.#.######.##
................#...
...............(....
##.##..........####
#.##..........# ##
.######.##..........#...
.......@............#...
.######.##..........#...
#.##..........#...
#.##....>.........
#.##..............
..######.######..###.....
...w...wr..# #..###.....
........b.%# #..##...>..
#........################


You could see a dart slug, a friendly quokka and a friendly bat.

Vanquished Creatures
  2 kobolds (D:1)
2 creatures vanquished.

Vanquished Creatures (collateral kills)
  An ooze (D:1)
  A giant cockroach (D:1)
  2 hobgoblins (D:1)
  2 kobolds (D:1)
  A rat (D:1)
7 creatures vanquished.

Grand Total: 9 creatures vanquished

Notes
Turn   | Place    | Note
-------+----------+-------------------------------------------
     0 | D:1      | sevincit the Octopode Summoner began the quest for the Orb.
     0 | D:1      | Reached XP level 1. HP: 11/11 MP: 3/3
   489 | D:1      | Reached XP level 2. HP: 10/17 MP: 0/5
   661 | D:1      | Killed from afar by a dart slug

Vault maps used:
D:1:      dpeg_arrival_shrine, minmay_misc_feat_room

Skill      XL: |  1 |
---------------+----+-----
Stealth        | 3 |  3.0
Dodging        | |  2.0
Spellcasting   | |  2.1
Summonings     | |  4.2

Action                   || total
-------------------------++-------
Melee: Short sword       ||     3
       Constrict         ||     2
       Unarmed           ||     1
       Tentacles         ||     1
 Cast: Summon Small Mamm ||    21
 Stab: Sleeping          ||     1
Dodge: Dodged            ||     7

Table legend:
 A = Spawn XP
 B = Non-spawn XP
 C = Spawn XP percentage of total XP
 D = Spawn monster count
 E = Non-spawn monster count
 F = Spawn count percentage of total count
 G = Total turns spent on level
                    A         B        C        D         E        F      G
               +---------+---------+-------+---------+---------+-------+---------
         Total |       0 |      12 |   0.0 |       0 |       9 |   0.0 |   661
               +---------+---------+-------+---------+---------+-------+---------
           D:1 |       0 |      12 |   0.0 |       0 |       9 |   0.0 |   661
               +---------+---------+-------+---------+---------+-------+---------
